 Dungeon Crawl Stone Soup version 0.23.2-1-ga50397a6bc (webtiles) character file.

Game seed: 11548887017418458783

1922 TheTootler the Spear-Bearer (level 8, -9/63 HPs)
             Began as a Minotaur Chaos Knight on May 26, 2019.
             Was a Plaything of Xom.
             Mangled by an ice beast (13 damage)
             ... on level 6 of the Dungeon.
             The game lasted 00:11:10 (3287 turns).

TheTootler the Spear-Bearer (Minotaur Chaos Knight) Turns: 3287, Time: 00:11:10

Health: -9/63      AC:  8    Str: 19      XL:     8   Next: 96%
Magic:  7/7        EV: 15    Int:  9      God:    Xom [..*...]
Gold:   247        SH:  0    Dex: 14 (16) Spells: 7/7 levels left

rFire    + + .     SeeInvis .   a - +0 spear (chaos)
rCold    . . .     Gourm    .   (no shield)
rNeg     . . .     Faith    .   b - +2 leather armour
rPois    .         Spirit   .   (helmet restricted)
rElec    .         Reflect  .   (no cloak)
rCorr    .         Harm     +   (no gloves)
MR       +....                  f - +2 pair of boots
Stlth    ++........             g - amulet of harm
HPRegen  0.20/turn              c - +6 ring of dexterity
MPRegen  0.10/turn              l - ring of protection from fire

@: no status effects
A: retaliatory headbutt, horns 2, blurry vision 1, deterioration 1, fire
resistance 1, frail 1, magic resistance 1
a: Renounce Religion


You were on level 6 of the Dungeon.
You worshipped Xom.
You were a toy of Xom.
You were very full.

You visited 1 branch of the dungeon, and saw 6 of its levels.

You collected 247 gold pieces.

Inventory:

Hand Weapons
 a - a +0 spear of chaos (weapon)
Armour
 b - a +2 leather armour (worn)
 f - a +2 pair of boots (worn)
Jewellery
 c - a +6 ring of dexterity (left hand)
 g - an amulet of harm (around neck)
 l - a ring of protection from fire (right hand)
Wands
 d - a wand of acid (5)
 e - a wand of polymorph (10)
 k - a wand of random effects (19)
Scrolls
 j - a scroll of blinking {unknown}
Potions
 i - a potion of cancellation
 m - a potion of curing
 n - a potion of flight {unknown}
Comestibles
 h - 3 rations


   Skills:
 + Level 6.9 Fighting
   Level 1.1(5.6) Axes
 + Level 8.8(8.9) Polearms
 + Level 5.4 Armour
 + Level 6.1 Dodging
 + Level 3.4 Stealth


You had 7 spell levels left.
You didn't know any spells.
Your spell library was empty.

Dungeon Overview and Level Annotations

Branches:
Dungeon (6/15)
 Temple: D:4-7

Altars:
Hepliaklqana
Kikubaaqudgha
Nemelex Xobeh
Qazlal
Sif Muna
Wu Jian
Xom

Annotations:
D:6 Dowan


Innate Abilities, Weirdness & Mutations

You reflexively headbutt those who attack you in melee.
You have a pair of horns on your head.
Scrolls take you a little longer to read.
Your body sometimes deteriorates upon taking damage.
Your flesh is heat resistant. (rF+)
You are frail. (-10% HP)
You are resistant to hostile enchantments. (MR+)


Message History

Menkaure seems to speed up.
You hit Menkaure.
Menkaure convulses.
You destroy Menkaure!
The worker ant bites you but does no damage.
The worm bites you!
* * * LOW HITPOINT WARNING * * *
The gnoll hits you from afar with a +0 halberd!
* * * LOW HITPOINT WARNING * * *
Your body deteriorates!
You feel clumsy. The gnoll barely misses you.
The gnoll hits you from afar with a +0 spear.
* * * LOW HITPOINT WARNING * * *
Really read with blurry vision while enemies are nearby?
Uppercase [Y]es or [N]o only, please.
Really read with blurry vision while enemies are nearby?
The ice beast hits you.
* * * LOW HITPOINT WARNING * * *
The ice beast freezes you!
You die...
Xom cackles wildly!

.. .........
.##.#.⌠.⌠.#. #
...........
#.##..#.....#.
.####...?....e....
......##.g.g......
#.......agY......
#.<.S@.......
..........w..!....
.....##....o......
##.. ##......###.
#. .>.....# ..
#........# .
........##
..........


You could see an ice beast, Dowan, a worm, a worker ant, 3 gnolls, an adder and
an orc.

Vanquished Creatures
  Grinder (D:6)
  Edmund (D:4)
  Menkaure (D:6)
  3 ogres
  3 phantoms
  A centaur (D:5)
  A scorpion (D:4)
  3 wights (D:5)
  A howler monkey (D:4)
  A crimson imp (D:5)
  A hound (D:4)
  An orc priest (D:5)
  2 centaur skeletons
  2 bullfrog skeletons (D:5)
  2 iguanas (D:4)
  Ijyb (D:3)
  2 worker ants
  A howler monkey skeleton (D:4)
  3 gnolls
  11 adders
  2 oozes
  3 worms
  A dart slug (D:1)
  3 leopard geckos
  15 orcs
  3 ball pythons
  10 bats
  2 giant cockroaches
  8 goblins
  7 hobgoblins
  10 jackals
  9 kobolds
  A ball python skeleton (D:4)
  2 frilled lizards
  10 rats
128 creatures vanquished.

Vanquished Creatures (collateral kills)
  Eustachio (D:4)
  A howler monkey (D:4)
  4 gnolls
  2 quokkas
  2 frilled lizards
  2 rats (D:2)
12 creatures vanquished.

Vanquished Creatures (others)
  A wight (D:5)
1 creature vanquished.

Grand Total: 141 creatures vanquished

Notes
Turn   | Place    | Note
-------+----------+-------------------------------------------
     0 | D:1      | TheTootler the Minotaur Chaos Knight began the quest for
                  | the Orb.
     0 | D:1      | Reached XP level 1. HP: 19/19 MP: 0/0
    13 | D:1      | XOM: divination: detect items
   127 | D:1      | Reached XP level 2. HP: 22/27 MP: 1/1
   268 | D:1      | XOM: silly message
   454 | D:1      | Reached skill level 4 in Polearms
   525 | D:1      | Reached XP level 3. HP: 29/33 MP: 2/2
   528 | D:1      | XOM: divination: detect items
   594 | D:2      | Reached skill level 1 in Axes
  1008 | D:2      | Reached XP level 4. HP: 41/41 MP: 3/3
  1010 | D:2      | Found a stormy altar of Qazlal.
  1207 | D:2      | Found a shimmering altar of Xom.
  1334 | D:2      | Gained mutation: Your body sometimes deteriorates upon
                  | taking damage. [potion of mutation]
  1334 | D:2      | Gained mutation: You occasionally shout uncontrollably at
                  | your foes. [potion of mutation]
  1334 | D:2      | Gained mutation: Your muscles are strong. (Str +2) [potion
                  | of mutation]
  1335 | D:2      | Lost mutation: Your body sometimes deteriorates upon taking
                  | damage. [potion of mutation]
  1335 | D:2      | Lost mutation: You occasionally shout uncontrollably at
                  | your foes. [potion of mutation]
  1335 | D:2      | Lost mutation: Your muscles are strong. (Str +2) [potion of
                  | mutation]
  1335 | D:2      | Gained mutation: You are weak. (Str -2) [potion of
                  | mutation]
  1335 | D:2      | Gained mutation: You are robust. (+10% HP) [potion of
                  | mutation]
  1335 | D:2      | Gained mutation: Your flesh is cold resistant. (rC+)
                  | [potion of mutation]
  1336 | D:2      | Lost mutation: You are weak. (Str -2) [potion of mutation]
  1336 | D:2      | Lost mutation: You are robust. (+10% HP) [potion of
                  | mutation]
  1336 | D:2      | Lost mutation: Your flesh is cold resistant. (rC+) [potion
                  | of mutation]
  1336 | D:2      | Gained mutation: You are resistant to hostile enchantments.
                  | (MR+) [potion of mutation]
  1336 | D:2      | Gained mutation: Your natural rate of healing is unusually
                  | fast. [potion of mutation]
  1368 | D:3      | Noticed Ijyb
  1383 | D:3      | Killed Ijyb
  1394 | D:3      | Found a deep blue altar of Sif Muna.
  1399 | D:3      | XOM: noise
  1435 | D:3      | Reached skill level 5 in Fighting
  1435 | D:3      | Reached XP level 5. HP: 48/48 MP: 4/4
  1498 | D:3      | Noticed an ogre
  1503 | D:3      | Killed an ogre
  1503 | D:3      | Reached skill level 5 in Polearms
  1577 | D:3      | XOM: scenery: 2 doors close
  1607 | D:3      | XOM: give mutations
  1607 | D:3      | Gained mutation: Your muscles are strong. (Str +2) [Xom's
                  | mischief]
  1607 | D:3      | Gained mutation: You are frail. (-10% HP) [Xom's mischief]
  1607 | D:3      | Gained mutation: Your body sometimes deteriorates upon
                  | taking damage. [Xom's mischief]
  1607 | D:3      | Gained mutation: Your flesh is heat resistant. (rF+) [Xom's
                  | mischief]
  1614 | D:3      | Found an ancient bone altar of Kikubaaqudgha.
  1856 | D:4      | Noticed an ogre
  1875 | D:4      | XOM: enchant monster (good)
  1881 | D:4      | Reached skill level 1 in Stealth
  1884 | D:4      | Killed an ogre
  1884 | D:4      | Reached XP level 6. HP: 37/50 MP: 5/5
  1994 | D:4      | XOM: summons friendly quasit
  2017 | D:4      | Noticed Edmund
  2028 | D:4      | Killed Edmund
  2151 | D:4      | Reached skill level 6 in Polearms
  2151 | D:4      | Reached XP level 7. HP: 55/55 MP: 6/6
  2210 | D:4      | Noticed Eustachio
  2241 | D:4      | XOM: divination: detect items
  2242 | D:4      | XOM: enchant monster (bad)
  2248 | D:4      | XOM: potion effect (agility)
  2276 | D:4      | Killed Eustachio
  2277 | D:5      | Entered Level 5 of the Dungeon
  2464 | D:5      | XOM: harmless Tloc miscast
  2497 | D:5      | XOM: cast spell 'Leda's Liquefaction'
  2501 | D:5      | XOM: cast spell 'Necromutation'
  2502 | D:5      | XOM: enchant monster (good)
  2513 | D:5      | Reached skill level 7 in Polearms
  2540 | D:5      | Reached XP level 8. HP: 35/63 MP: 7/7
  2560 | D:5      | XOM: scenery: 1 doors close
  2633 | D:5      | XOM: confuse monster(s)
  2831 | D:5      | XOM: cast spell 'Summon Small Mammal'
  2837 | D:5      | Reached skill level 5 in Armour
  2837 | D:5      | Reached skill level 5 in Dodging
  2988 | D:4      | Found an ornate altar of the Wu Jian Council.
  3055 | D:4      | Reached skill level 8 in Polearms
  3077 | D:4      | Found a sparkling altar of Nemelex Xobeh.
  3079 | D:4      | Found a hazy altar of Hepliaklqana.
  3245 | D:5      | XOM: give mutations
  3245 | D:5      | Gained mutation: Scrolls take you a little longer to read.
                  | [Xom's mischief]
  3245 | D:5      | Lost mutation: Your muscles are strong. (Str +2) [Xom's
                  | mischief]
  3245 | D:5      | Lost mutation: Your natural rate of healing is unusually
                  | fast. [Xom's mischief]
  3274 | D:6      | Noticed Menkaure
  3274 | D:6      | Noticed Grinder
  3280 | D:6      | Killed Grinder
  3281 | D:6      | Noticed Dowan
  3282 | D:6      | XOM: enchant monster (good)
  3286 | D:6      | Killed Menkaure
  3287 | D:6      | Mangled by an ice beast

Skill      XL: |  1  2  3  4  5  6  7  8 |
---------------+-------------------------+-----
Fighting       | 4 5 6 |  6.9
Armour         | 3 4 5 |  5.4
Polearms       | 4 5 6 7 8 |  8.8
Axes           | 1 |  1.1
Dodging        | 2 3 4 6 |  6.1
Stealth        | 1 2 3 |  3.4

Action                   |  1- 3 |  4- 6 |  7- 9 || total
-------------------------+-------+-------+-------++-------
Melee: Spear             |    27 |   127 |   158 ||   312
       Hand axe          |    27 |       |       ||    27
       Headbutt          |     3 |    27 |    31 ||    61
       Flail             |     2 |       |       ||     2
  Use: Scroll            |     5 |     3 |     1 ||     9
       Potion            |       |     7 |     1 ||     8
 Stab: Paralysed         |       |     1 |     3 ||     4
       Invisible         |       |     1 |       ||     1
       Petrified         |       |     1 |       ||     1
       Distracted        |       |     1 |       ||     1
       Confused          |       |       |     1 ||     1
  Eat: Ration            |     1 |     2 |     1 ||     4
Armor: Leather armour    |    18 |    53 |    55 ||   126
Dodge: Dodged            |    43 |    78 |   143 ||   264
